Map: Orbital Shipyard

Players

BamBam - Winner!

  • Race: Zerg Zerg
  • League: Master

Chris (MCanning)

  • Race: Protoss Protoss
  • League: Master

VOD

Have the link to the VOD?

Description

Time

  • Played on: Nov. 14, 2015, 12:24 a.m.
  • Length: 18:08
Show
View Real Time Build Order
Export as new Build Order

BamBam Zerg - Winner!

Build Orders: 3 Hatch before Pool, Lurkers 

Get SALT Encoding   

  12  0:01  Drone  
  13  0:09  Drone  
  14  0:19  Extractor x2  
  12  0:21  Drone  
  12  0:22  Drone  
  12  0:28  Overlord  
  16  0:54  Drone  
  16  0:55  Hatchery  
  16  1:00  Drone x2  
  18  1:23  Hatchery, Drone  
  18  1:28  Drone  
  19  1:39  Spawning Pool  
  18  1:42  Drone  
  19  1:49  Drone  
  19  1:50  Drone  
  22  2:08  Drone x2  
  22  2:12  Drone  
  24  2:26  Queen x2  
  28  2:34  Queen  
  28  2:36  Drone x4  
  34  2:42  Overlord, Extractor  
  33  2:45  Overlord  
  33  2:49  Drone  
  34  3:00  Roach Warren  
  34  3:01  Drone x3  
  36  3:10  Drone x2  
  36  3:11  Drone x2  
  40  3:14  Drone x2  
  42  3:20  Drone, Extractor  
  42  3:23  Overlord  
  42  3:40  Overlord  
  42  3:45  Zergling x4  
  42  3:46  Drone  
  42  3:47  Drone x5  
  42  3:48  Metabolic Boost  
  50  3:50  Overlord x2  
  50  4:01  Roach x2  
  54  4:04  Overlord, Roach  
  54  4:09  Drone x3  
  59  4:10  Drone  
  59  4:11  Drone x2  
  62  4:19  Drone x6  
  68  4:24  Overlord  
  68  4:28  Spore Crawler  
  67  4:35  Ravager x2  
  69  4:42  Overlord  
  69  4:51  Spore Crawler, Zergling x2  
  69  4:52  Zergling x18  
  77  4:54  Ravager  
  78  5:02  Extractor  
  78  5:03  Evolution Chamber x2, Drone x6  
  78  5:04  Extractor  
  80  5:18  Zergling x18  
  89  5:24  Overlord  
  89  5:28  Lair  
  89  5:29  Zerg Missile Weapons Level 1  
  89  5:39  Zerg Melee Weapons Level 1  
  89  5:40  Spine Crawler  
  89  5:41  Zergling x2  
  89  5:42  Zergling x14  
  96  5:54  Overlord x2  
  96  6:07  Extractor  
  96  6:09  Zergling x8, Extractor  
  96  6:10  Zergling x8  
  102  6:13  Hatchery  
  102  6:16  Drone x2  
  103  6:27  Spire  
  102  6:37  Zergling x12  
  102  6:38  Zergling x12  
  87  7:00  Zergling x18  
  87  7:01  Zergling x2  
  82  7:30  Overlord  
  82  7:31  Overlord  
  82  7:34  Spore Crawler, Spine Crawler  
  82  7:36  Spine Crawler  
  78  7:39  Mutalisk  
  78  7:40  Mutalisk x11  
  78  7:42  Drone x2  
  78  7:43  Drone  
  105  7:46  Queen  
  105  7:49  Zerg Ground Armor Level 1  
  107  7:56  Drone x3  
  107  7:57  Drone x2  
  112  8:02  Zerg Melee Weapons Level 2  
  112  8:14  Queen  
  112  8:17  Drone  
  112  8:18  Drone x5  
  117  8:25  Drone  
  117  8:26  Drone x2  
  120  8:27  Overlord  
  120  8:33  Zerg Flyer Weapons Level 1, Hydralisk Den  
  119  8:43  Mutalisk x4  
  125  8:51  Mutalisk x2  
  125  9:00  Drone x7  
  125  9:01  Drone x3  
  136  9:02  Drone  
  136  9:03  Drone  
  136  9:05  Lurker Den  
  137  9:21  Drone x6  
  143  9:28  Spore Crawler, Extractor x2  
  143  9:29  Spine Crawler  
  143  9:31  Spine Crawler  
  134  9:47  Hydralisk  
  134  9:48  Hydralisk x5  
  134  9:52  Corruptor x5  
  137  10:01  Spore Crawler x2  
  137  10:05  Spore Crawler, Zergling x4  
  137  10:06  Zergling x18  
  122  10:17  Infestation Pit  
  122  10:20  Overlord x2  
  121  10:34  Lurker x6  
  127  10:36  Zerg Ground Armor Level 2  
  127  10:41  Zergling x2  
  127  10:42  Zergling x30  
  143  10:43  Zergling x4  
  143  10:45  Overseer  
  144  10:57  Zergling x2  
  144  10:58  Zergling x12  
  149  11:25  Zergling x2  
  150  11:26  Zergling x20  
  139  11:41  Zergling x14  
  113  12:14  Hive, Hydralisk x4  
  113  12:15  Hydralisk x3  
  124  12:16  Overlord, Zergling x6  
  124  12:17  Zergling x16  
  124  12:21  Spine Crawler x2  
  130  12:28  Corruptor x4  
  137  12:45  Lurker x5  
  142  12:52  Overlord x6  
  138  13:03  Overseer x3  
  138  13:05  Overlord x2  
  136  13:12  Corruptor  
  136  13:13  Corruptor x6  
  150  13:25  Spine Crawler  
  150  13:26  Spine Crawler  
  148  13:27  Spine Crawler x2  
  148  13:30  Spine Crawler  
  146  13:34  Lurker x2  
  144  13:58  Adrenal Glands  
  139  14:19  Overlord  
  139  14:20  Overlord x2, Ultralisk Cavern  
  139  14:24  Zergling x10  
  127  14:52  Hatchery  
  117  15:03  Zergling x2  
  117  15:04  Zergling x22  
  123  15:10  Hatchery  
  123  15:13  Overseer  
  121  15:20  Zergling x2  
  121  15:21  Zergling x6  
  125  15:24  Zerg Ground Armor Level 3, Zerg Melee Weapons Level 3  
  122  15:40  Zergling x2  
  122  15:41  Zergling x14  
  118  16:06  Zergling x2  
  118  16:08  Ultralisk x7  
  124  16:38  Ultralisk x4  
  146  17:06  Hatchery  
  146  17:07  Hatchery  
  143  17:24  Overseer  
  142  17:47  Zergling x10  
  142  17:48  Zergling x4  
  142  17:49  Overlord x3  
  149  17:53  Overseer  
  149  17:54  Overseer x2  
Show
View Real Time Build Order
Export as new Build Order

Chris Protoss 

Build Orders: Nexus First 

Get SALT Encoding   

  12  0:01  Probe (Chrono Boost)  
  13  0:12  Probe (Chrono Boost)  
  14  0:22  Probe (Chrono Boost), Pylon  
  15  0:40  Probe (Chrono Boost)  
  16  0:50  Probe (Chrono Boost)  
  17  0:58  Nexus  
  17  1:08  Gateway  
  17  1:15  Assimilator  
  17  1:20  Assimilator  
  17  1:21  Probe (Chrono Boost)  
  18  1:31  Pylon  
  18  1:32  Probe (Chrono Boost)  
  19  1:42  Probe (Chrono Boost)  
  20  1:53  Probe (Chrono Boost)  
  21  1:59  Cybernetics Core  
  21  2:03  Probe (Chrono Boost)  
  22  2:13  Probe (Chrono Boost)  
  22  2:14  Probe (Chrono Boost)  
  24  2:23  Probe (Chrono Boost)  
  24  2:24  Probe (Chrono Boost)  
  26  2:34  Probe (Chrono Boost)  
  26  2:35  Probe (Chrono Boost)  
  28  2:37  Stalker (Chrono Boost)  
  28  2:40  Warp Gate  
  28  2:43  Probe  
  30  2:46  Mothership Core  
  33  2:54  Probe  
  34  3:02  Nexus  
  34  3:06  Probe (Chrono Boost)  
  34  3:07  Probe (Chrono Boost)  
  34  3:12  Sentry  
  38  3:21  Pylon  
  38  3:22  Probe (Chrono Boost)  
  38  3:23  Pylon  
  38  3:25  Probe (Chrono Boost)  
  40  3:33  Probe (Chrono Boost)  
  41  3:36  Probe (Chrono Boost)  
  41  3:41  Gateway  
  42  3:43  Gateway, Probe (Chrono Boost)  
  42  3:46  Sentry, Probe (Chrono Boost)  
  46  3:54  Probe (Chrono Boost)  
  47  3:55  Forge  
  47  3:57  Probe (Chrono Boost)  
  48  4:04  Probe (Chrono Boost)  
  48  4:08  Probe (Chrono Boost)  
  48  4:09  Robotics Facility  
  50  4:11  Pylon  
  50  4:15  Probe (Chrono Boost)  
  50  4:16  Probe (Chrono Boost)  
  52  4:18  Probe (Chrono Boost)  
  53  4:25  Probe (Chrono Boost)  
  53  4:26  Twilight Council  
  53  4:27  Probe (Chrono Boost), Assimilator  
  53  4:29  Probe (Chrono Boost)  
  56  4:34  Pylon  
  56  4:35  Assimilator  
  56  4:36  Protoss Ground Weapons Level 1  
  56  4:38  Probe (Chrono Boost)  
  57  4:39  Probe (Chrono Boost)  
  57  4:41  Probe (Chrono Boost)  
  59  4:48  Probe (Chrono Boost)  
  59  4:49  Probe (Chrono Boost)  
  59  4:51  Probe (Chrono Boost)  
  62  4:57  Observer (Chrono Boost)  
  62  4:59  Probe, Gateway x2  
  64  5:02  Robotics Bay  
  64  5:03  Probe  
  64  5:06  Probe  
  65  5:11  Probe  
  67  5:15  Probe, Blink  
  67  5:16  Warp Prism (Chrono Boost)  
  67  5:20  Probe  
  70  5:23  Probe  
  70  5:26  Probe  
  73  5:31  Probe, Pylon  
  73  5:32  Zealot  
  73  5:35  Probe  
  77  5:36  Probe  
  77  5:41  Probe  
  78  5:44  Gateway  
  78  5:47  Gateway, Observer (Chrono Boost), Probe  
  81  5:52  Pylon  
  81  5:57  Probe  
  81  5:59  Pylon  
  81  6:00  Assimilator  
  81  6:02  Adept x3  
  88  6:05  Disruptor (Chrono Boost), Assimilator  
  88  6:06  Probe  
  88  6:08  Gravitic Drive  
  88  6:10  Pylon  
  92  6:12  Stalker  
  94  6:20  Probe  
  95  6:26  Zealot x4  
  95  6:27  Probe  
  95  6:31  Pylon  
  104  6:39  Disruptor (Chrono Boost)  
  105  6:42  Stalker x2  
  105  6:53  Adept  
  105  6:54  Adept  
  107  6:55  Adept x2  
  107  6:56  Protoss Ground Weapons Level 2, Photon Cannon  
  102  7:10  Disruptor (Chrono Boost)  
  102  7:11  Probe  
  102  7:12  Probe  
  104  7:23  Zealot x2  
  104  7:24  Zealot x4  
  104  7:27  Probe  
  104  7:28  Charge  
  117  7:33  Gateway  
  117  7:35  Gateway, Pylon  
  117  7:39  Pylon  
  117  7:45  Pylon  
  117  7:46  Pylon  
  117  7:51  Probe x2  
  117  7:53  Colossus (Chrono Boost)  
  117  7:55  Pylon  
  117  7:57  Pylon  
  125  7:59  Pylon  
  125  8:04  Probe  
  126  8:11  Stargate  
  126  8:12  Photon Cannon  
  124  8:13  Stargate  
  124  8:16  Stargate, Photon Cannon x2  
  124  8:17  Photon Cannon  
  124  8:18  Photon Cannon x2  
  116  8:21  Photon Cannon  
  116  8:22  Photon Cannon  
  116  8:24  Pylon  
  116  8:28  Zealot x2  
  116  8:29  Zealot  
  122  8:37  Photon Cannon  
  122  8:38  Stalker  
  122  8:39  Stalker x2  
  126  8:51  Stalker x5  
  136  8:57  Phoenix x2 (Chrono Boost)  
  136  9:00  Phoenix (Chrono Boost)  
  142  9:10  Mothership Core (Chrono Boost)  
  140  9:20  Phoenix (Chrono Boost)  
  140  9:21  Zealot x2, Phoenix (Chrono Boost)  
  140  9:22  Zealot, Phoenix (Chrono Boost)  
  152  9:33  Fleet Beacon  
  152  9:44  Phoenix x2 (Chrono Boost)  
  154  9:46  Phoenix (Chrono Boost)  
  152  10:04  Phoenix (Chrono Boost)  
  152  10:06  Phoenix (Chrono Boost)  
  153  10:13  Disruptor  
  156  10:15  Protoss Ground Weapons Level 3 (Chrono Boost)  
  156  10:18  Adept x5  
  156  10:19  Adept x4  
  156  10:20  Probe  
  175  10:33  Probe  
  176  10:38  Nexus  
  176  10:39  Pylon x3  
  176  10:41  Pylon x2  
  176  10:44  Stalker x2  
  180  10:57  Stalker x4  
  180  10:58  Stalker x3  
  180  11:04  Probe x2  
  195  11:07  Observer (Chrono Boost)  
  195  11:09  Probe  
  198  11:16  Probe x2  
  200  11:20  Photon Cannon  
  200  11:21  Photon Cannon  
  200  11:24  Photon Cannon  
  200  11:26  Gateway, Dark Shrine  
  200  11:31  Pylon  
  196  11:37  Zealot  
  196  11:38  Zealot x2  
  184  12:04  Zealot x2  
  184  12:06  Zealot x3  
  186  12:10  Probe x2  
  184  12:18  Disruptor (Chrono Boost), Assimilator  
  184  12:21  Assimilator  
  184  12:22  Resonating Glaives (Chrono Boost)  
  185  12:23  Pylon x2  
  185  12:30  Probe  
  185  12:34  Pylon  
  186  12:38  Robotics Facility  
  186  12:40  Dark Templar x3  
  192  12:45  Probe  
  192  12:47  Probe  
  192  12:58  Probe  
  192  13:04  Probe  
  190  13:08  Dark Templar x2  
  194  13:17  Probe  
  194  13:18  Probe  
  192  13:27  Protoss Ground Armor Level 1 (Chrono Boost)  
  192  13:32  Pylon  
  192  13:35  Extended Thermal Lance (Chrono Boost)  
  192  13:37  Nexus, Photon Cannon  
  192  13:38  Photon Cannon  
  192  13:39  Pylon x2  
  192  13:41  Observer (Chrono Boost), Disruptor (Chrono Boost)  
  192  13:42  Pylon  
  196  14:02  Fleet Beacon  
  194  14:05  Photon Cannon  
  194  14:07  Photon Cannon  
  194  14:09  Photon Cannon  
  194  14:11  Colossus (Chrono Boost)  
  198  14:22  Observer (Chrono Boost)  
  199  14:39  Observer  
  190  14:46  Stalker  
  190  14:47  Stalker x3  
  165  14:58  Observer (Chrono Boost)  
  138  15:00  Stalker x5  
  138  15:02  Stalker, Observer (Chrono Boost)  
  141  15:07  Probe  
  134  15:14  Stalker x4  
  134  15:18  Colossus (Chrono Boost)  
  148  15:23  Dark Templar x3  
  154  15:32  Observer (Chrono Boost)  
  148  15:49  Dark Templar x3  
  154  15:50  Disruptor (Chrono Boost)  
  154  15:55  Stalker, Archon  
  154  15:56  Stalker  
  148  16:06  Disruptor (Chrono Boost), Pylon  
  142  16:12  Probe  
  130  16:20  Stalker  
  130  16:21  Stalker x5  
  130  16:22  Observer (Chrono Boost)  
  131  16:37  Disruptor (Chrono Boost)  
  132  16:44  Disruptor (Chrono Boost)  
  135  16:48  Zealot  
  137  17:08  Disruptor (Chrono Boost)  
  138  17:15  Dark Templar  
  138  17:21  Disruptor (Chrono Boost)  
  143  17:24  Nexus  
  143  17:26  Pylon  
  143  17:28  Pylon  
  143  17:29  Probe  
  144  17:39  Observer (Chrono Boost)  
Tags
 
Add a new tag
Caveats
  • Supply blocks, unpowered buildings, or Contaminate may cause inaccurate times.
  • Supply counts are checked every 10 seconds.